 Dungeon Crawl Stone Soup version 0.29-a0-821-g66395355a5 (webtiles) character file.

Game seed: 14424690401479109100

102 urtho the Covered (level 4, -1/40 HPs)
             Began as a Minotaur Fighter on July 7, 2022.
             Slain by a scorpion (2 damage)
             ... on level 4 of the Dungeon.
             The game lasted 00:33:55 (2900 turns).

urtho the Covered (Minotaur Fighter)                Turns: 2900, Time: 00:33:56

Health: -1/40      AC: 10    Str: 22    XL:     4   Next: 50%
Magic:  3/3        EV:  7    Int:  5    God:
Gold:   183        SH:  4    Dex: 10    Spells: 3/3 levels left

rFire   + . .      SeeInvis .   a - +0 war axe
rCold   + . .      Faith    .   c - +0 buckler
rNeg    . . .      Spirit   .   q - +0 chain mail
rPois   +          Reflect  .   (helmet restricted)
rElec   +          Harm     .   y - +0 cloak
rCorr   +          Rampage  .   (no gloves)
Will    +....                   (no boots)
Stlth   ..........              (no amulet)
HPRegen 0.13/turn               i - ring of flight
MPRegen 0.08/turn               s - ring of willpower

@: brilliant, lethally poisoned (-1 -> -7), resistant, flying
A: horns 2, retaliatory headbutt
a: no special abilities


You were on level 4 of the Dungeon.
You visited 1 branch of the dungeon, and saw 4 of its levels.

You collected 183 gold pieces.

Inventory:

Hand Weapons
 a - a +0 war axe (weapon)
 d - a +2 dagger of speed
 g - a +0 sling
 m - a +0 great mace
 w - a +4 dagger of draining
Missiles
 f - 27 stones (quivered)
 h - 2 silver boomerangs
 j - 5 poisoned darts
 z - 6 javelins
 C - 6 boomerangs
Armour
 b - a +0 scale mail
 c - a +0 buckler (worn)
 q - a +0 chain mail (worn)
 y - a +0 cloak (worn)
Magical Staves
 o - a staff of death
Jewellery
 i - a ring of flight (left hand)
 s - a ring of willpower (right hand)
Wands
 D - a wand of iceblast (8)
Scrolls
 k - a scroll of immolation {unknown}
 l - a scroll of enchant armour {unknown}
 p - a scroll of vulnerability {unknown}
 u - 2 scrolls of teleportation {unknown}
 v - a scroll of fog {unknown}
 x - a scroll of fear {unknown}
 A - a scroll of identify {unknown}
Potions
 n - 2 potions of mutation {unknown}
 r - 4 potions of curing {unknown}
 t - 2 potions of flight {unknown}


   Skills:
 + Level 4.1 Fighting
 + Level 4.2 Axes
 + Level 4.5 Armour
 + Level 0.5 Dodging
 + Level 4.0 Shields


You had 3 spell levels left.
You didn't know any spells.
Your spell library contained the following spells:

 Spells                   Type           Power      Damage    Failure   Level
 Summon Small Mammal      Summ           0%         N/A       99%         1
 Call Canine Familiar     Summ           0%         N/A       100%        3
 Summon Guardian Golem    Hex/Summ       0%         N/A       100%        3


Dungeon Overview and Level Annotations

Branches:
Dungeon (4/15)
 Temple: D:4-7

Altars:
Vehumet

Shops:
D:1 :*[*

Annotations:
D:4 3 runed translucent doors, zhov's ghost, amateur DsHu


Innate Abilities, Weirdness & Mutations

You have a pair of horns on your head.
You reflexively headbutt those who attack you in melee.


Message History

You closely miss the scorpion.
The scorpion is lightly wounded.
The scorpion closely misses you. You furiously retaliate!
You headbutt the scorpion. The scorpion barely misses you.
You completely miss the scorpion.
The scorpion is moderately wounded.
The scorpion stings you.
You are poisoned.
The scorpion poisons you!
You feel very sick. The scorpion stings you.
You are more poisoned.
The scorpion poisons you!
You hit the scorpion but do no damage.
The scorpion is moderately wounded.
You feel extremely sick. The scorpion stings you.
You slash the scorpion!
The scorpion is severely wounded.
* * * LOW HITPOINT WARNING * * *
You feel very sick.
The scorpion stings you but does no damage.
You block the scorpion's attack.
It was a potion of brilliance.
You feel clever all of a sudden.
* * * LOW HITPOINT WARNING * * *
You feel very sick. You block the scorpion's attack.
It was a potion of resistance.
You feel protected.
* * * LOW HITPOINT WARNING * * *
You feel sick. The scorpion barely misses you. You furiously retaliate!
You headbutt the scorpion. You closely miss the scorpion.
The scorpion is almost dead.
* * * LOW HITPOINT WARNING * * *
You feel very sick.
The scorpion stings you but does no damage.
The scorpion stings you.
You die...

# #......#≈≈≈≈≈≈≈
..##.####.#.#≈≈≈≈#≈≈
. ..........#.#≈≈≈##
.
............###≈≈##
... ..........#≈##
....##.####.#.#≈≈
.............#
...##...).#....#
.......@s.######
.......8........
.......$..######
............
.......#..###
........#.#
......#.#.# ###... .
.#


You could see a scorpion.

Vanquished Creatures
  Robin (D:3)
  An adder (D:4)
  An adder skeleton (D:4)
  A worm (D:2)
  A dart slug (D:1)
  4 endoplasms
  A giant cockroach (D:1)
  18 goblins
  8 hobgoblins
  2 quokkas (D:1)
  5 ball pythons
  6 bats (D:1)
  2 frilled lizards
  7 kobolds
  13 rats
71 creatures vanquished.

Notes
Turn   | Place    | Note
-------+----------+-------------------------------------------
     0 | D:1      | urtho the Minotaur Fighter began the quest for the Orb.
     0 | D:1      | Reached XP level 1. HP: 19/19 MP: 0/0
    96 | D:1      | Found Iqextom's General Store.
   126 | D:1      | Found Heymoczi's Book Shoppe.
   130 | D:1      | Reached XP level 2. HP: 27/27 MP: 1/1
   150 | D:1      | Noticed a shining eye
   153 | D:1      | Found a faded altar of an unknown god.
   154 | D:1      | Noticed a golden eye
   154 | D:1      | Noticed a shining eye
   154 | D:1      | Noticed a floating eye
   504 | D:1      | Found Enwograph's Antique Armour Shoppe.
   721 | D:1      | Reached XP level 3. HP: 32/33 MP: 2/2
   773 | D:1      | Found Sodots's Assorted Antiques.
  2238 | D:3      | Noticed Robin
  2248 | D:3      | Killed Robin
  2249 | D:3      | Reached XP level 4. HP: 20/40 MP: 3/3
  2659 | D:3      | Found a radiant altar of Vehumet.
  2865 | D:4      | Found a runed translucent gate.
  2865 | D:4      | Found a runed translucent gate.
  2866 | D:4      | Found a runed translucent gate.
  2872 | D:4      | Noticed zhov's ghost (amateur DsHu)
  2874 | D:4      | Identified the +7 dagger of Freehold {holy, Fragile rC+
                  | Will+}
  2874 | D:4      | Identified the +1 chain mail of the Moon {Contam rN+++
                  | Int-5 Slay+2}
  2885 | D:4      | Noticed a scorpion
  2900 | D:4      | HP: 1/40 [poisoned by a scorpion]
  2900 | D:4      | Slain by a scorpion

Illustrated notes

Levels and vault maps discovered:
D:1:      dpeg_arrival_subterranean_lakeside_camping, layout_loops_ring,
          serial_shops, nicolae_shop_stone, shop_fountains, shop, shop,
          hellmonk_ecumenical_altar_watching_god, skrybe_limestone_x,
          minivault_24, corexii_leaking_fountain, minmay_hexomino_u4
D:2:      layout_basic, minmay_misc_feat_enclosed, minmay_rat_gold_closets
D:3:      layout_rooms, lemuel_round_altar, uniq_robin
D:4:      layout_basic, kennysheep_little_box, mainiacjoe_overflow_paths,
          biasface_ghost_orc_armoury, serial_undead, serial_undead_a,
          serial_undead_b, serial_undead_d, serial_undead_f, serial_undead_d,
          serial_undead_d, serial_undead_b, minivault_11,
          chequers_serial_rivers_large_a

Skill      XL: |  1  2  3  4 |
---------------+-------------+-----
Armour         | 4 |  4.5
Axes           | 3 4 |  4.2
Fighting       | 4 |  4.1
Shields        | 4 |  4.0
Dodging        | |  0.5

Action                   |  1- 3 |  4- 6 || total
-------------------------+-------+-------++-------
Melee: War axe           |   113 |    28 ||   141
       Headbutt          |     5 |     4 ||     9
Throw: Stone             |     7 |     6 ||    13
  Use: Potion            |     1 |     2 ||     3
Armor: Scale mail        |    29 |       ||    29
       Chain mail        |    23 |    12 ||    35
Dodge: Dodged            |    48 |    18 ||    66
Block: Buckler           |    17 |     7 ||    24

Table legend: (Time is in decaauts)
 A = Elapsed time spent in this place.
 B = Non-inter-level travel time spent in this place.
 C = Inter-level travel time spent in this place.
 D = Time resting spent in this place.
 E = Time spent auto-exploring this place.
 F = Levels seen in this place.
 G = Mean time per level.
                   A        B        C        D        E       F      G
               +--------+--------+--------+--------+--------+-----+--------+
         Total |   2953 |   1092 |   1861 |    508 |    140 |   4 |  738.2 |
       Dungeon |   2953 |   1092 |   1861 |    508 |    140 |   4 |  738.2 |
               +--------+--------+--------+--------+--------+-----+--------+

Top non-repeatable levels by time:
     D:2: 1340 daAuts
     D:1: 933 daAuts
     D:3: 639 daAuts
     D:4: 39 daAuts
